 Dungeon Crawl Stone Soup version 0.30-a0-137-gd8773701ce (webtiles) character file.

Game seed: 6731428177762622552

3267 LnG the Summoner (level 10, -1/55 HPs)
             Began as a Kobold Summoner on Sept 22, 2022.
             Was an Initiate of Yredelemnul.
             Slain by an orc warlord
             ... wielding a +4 broad axe
              (24 damage)
             ... in a bailey.
             The game lasted 00:41:44 (10633 turns).

LnG the Summoner (Kobold Summoner)                 Turns: 10633, Time: 00:41:45

Health: -1/55      AC:  5    Str:  6    XL:     10   Next: 19%
Magic:  17/22      EV: 16    Int: 20    God:    Yredelemnul [......]
Gold:   449        SH:  0    Dex: 16    Spells: 12/25 levels left

rFire   . . .      SeeInvis .    o - +4 dagger
rCold   . . .      Faith    .    (no shield)
rNeg    . . .      Spirit   .    a - +0 robe
rPois   +          Reflect  .    y - +0 helmet
rElec   .          Harm     .    c - scarf {repulsion}
rCorr   .          Rampage  .    m - +0 pair of gloves
Will    .....                    k - +0 pair of boots
Stlth   +++++.....               v - amulet of magic regeneration
HPRegen 0.18/turn                q - ring of poison resistance
MPRegen 0.58/turn                (no ring)

@: repel missiles
A: small, no large weapons, nightstalker 3
a: Renounce Religion, Recall Undead Harvest


You were in a bailey.
You worshipped Yredelemnul.
Yredelemnul was noncommittal.
You visited 2 branches of the dungeon, and saw 9 of its levels.
You also visited: Bailey.

You collected 449 gold pieces.

Inventory:

Hand Weapons
 e - a +2 dagger of speed
 o - a +4 dagger (weapon)
Armour
 a - a +0 robe (worn)
 c - a scarf of repulsion (worn)
 k - a +0 pair of boots (worn)
 m - a +0 pair of gloves (worn)
 y - a +0 helmet (worn)
Jewellery
 q - a ring of poison resistance (left hand)
 v - an amulet of magic regeneration (around neck)
 F - the ring "Avuneeno" {rC+ Will+ Int+3 Slay-5}
   (You found it on level 6 of the Dungeon)

   [ring of willpower]

   Int:       It affects your intelligence (+3).
   Slay:      It affects your accuracy & damage with ranged weapons and melee
   (-5).
   rC:        It protects you from cold.
   Will:      It increases your willpower.
Wands
 s - a wand of charming (5)
 D - a wand of digging (6)
Scrolls
 d - a scroll of vulnerability
 f - a scroll of fear
 h - a scroll of amnesia {unknown}
 i - 2 scrolls of summoning {unknown}
 j - a scroll of identify
 l - 3 scrolls of noise {unknown}
 p - a scroll of silence {unknown}
 u - 2 scrolls of fog {unknown}
 A - 4 scrolls of teleportation {unknown}
 C - a scroll of enchant armour {unknown}
Potions
 b - 3 potions of magic
 n - 2 potions of might
 r - 3 potions of curing
 t - 2 potions of lignification {unknown}
 w - a potion of invisibility {unknown}
 x - a potion of heal wounds {unknown}
 z - a potion of resistance {unknown}
 B - a potion of attraction {unknown}
 E - a potion of haste {unknown}


   Skills:
 + Level 2.9 Fighting
 + Level 5.4 Short Blades
 + Level 4.9 Dodging
 + Level 7.6 Stealth
 + Level 8.1 Spellcasting
 + Level 2.7 Hexes
 + Level 8.2 Summonings
 + Level 0.2 Air Magic


You had 12 spell levels left.
You knew the following spells:

 Your Spells              Type           Power      Damage    Failure   Level
a - Summon Small Mammal   Summ           100%       N/A       1%          1
b - Call Imp              Summ           41%        N/A       1%          2
c - Call Canine Familiar  Summ           41%        N/A       1%          3
d - Summon Guardian Gole  Hex/Summ       30%        N/A       2%          3
e - Summon Lightning Spi  Summ/Air       25%        N/A       14%         4

Your spell library contained the following spells:

 Spells                   Type           Power      Damage    Failure   Level
 Ensorcelled Hibernation  Hex/Ice        26%        N/A       7%          2
 Apportation              Tloc           16%        N/A       9%          1
 Freeze                   Ice            32%        1d5       9%          1
 Frozen Ramparts          Ice            16%        1d3       26%         3
 Gell's Gravitas          Tloc           8%         N/A       26%         3
 Spider Form              Tmut/Pois      8%         N/A       26%         3
 Teleport Other           Tloc           8%         N/A       26%         3
 Anguish                  Hex/Necr       6%         N/A       43%         4
 Hailstorm                Conj/Ice       8%         3d4       63%         4
 Alistair's Intoxication  Tmut/Pois      5%         N/A       93%         5
 Dispersal                Tloc           4%         N/A       100%        6


Dungeon Overview and Level Annotations

Branches:
Dungeon (8/15)             Temple (1/1) D:4          Bailey (1/1)
   Lair: D:8-11

Altars:
Ashenzari
Cheibriados
Dithmenos
Elyvilon
Fedhas
Gozag
Hepliaklqana
Kikubaaqudgha
Makhleb
Nemelex Xobeh
Okawaru
Qazlal
Ru
Sif Muna
Trog
Uskayaw
Vehumet
Wu Jian
Xom
Yredelemnul
Zin
The Shining One


Innate Abilities, Weirdness & Mutations

You are small and have problems with some larger weapons.
You are completely attuned to the shadows.


Message History

The orc warrior hits your orc warrior zombie with a +0 war axe!!
Your orc warrior zombie is engulfed in blazing flames.
Your orc warrior zombie is destroyed!
Your hound barely misses the orc warlord.
The orc warlord attacks as you move away!
The orc warlord hits you with a +4 broad axe!!
Ouch! That really hurt!
The orc warlord hits your lightning spire with a +4 broad axe!
The orc warlord misses your hound.
The orc warlord is engulfed in blazing flames.
Your hound closely misses the orc warlord.
Blink to where?
Press: ? - help, Dir - move target
As you read the scroll of blinking, it crumbles to dust.
Your hound barely misses the orc warlord.
Your hound bites the orc warlord.
Your hound bites the orc warlord but does no damage.
The orc warlord hits your guardian golem with a +4 broad axe!!
The orc warlord hits your hound with a +4 broad axe!
Your hound bites the orc warlord but does no damage.
Your hound bites the orc warlord but does no damage.
Your hound bites the orc warlord but does no damage.
The orc warlord misses you.
The orc warlord barely misses your hound.
The orc warlord hits your guardian golem with a +4 broad axe.
Your hound bites the orc warlord but does no damage.
The orc warlord hits your guardian golem with a +4 broad axe!!
Your guardian golem is destroyed!
Your guardian golem disappears in a puff of smoke!
The orc warlord hits your hound with a +4 broad axe!!
Your hound dies!
Your hound's corpse disappears in a puff of smoke!
Casting: Summon Guardian Golem (dangerous; 2% risk of failure)
Confirm with . or Enter, or press ? or * to list all spells.
A guardian golem appears, shielding your allies.
Casting: Summon Guardian Golem (dangerous; 2% risk of failure)
Confirm with . or Enter, or press ? or * to list all spells.
The orc warlord hits you with a +4 broad axe!!
You die...
Your body rises from the dead as a mindless zombie.

#.....⌠).)).#######
##.........##
#.........#
##...Z...##
#.......# ##.....##
##'#### ##....)##
#...ho@.#
##....§..##
#....9....#
##.........##
#.....⌠.....#
##.........##
#.........#
##......§##oo
#.....8§)§o.


You could see an orc warlord (ally target), a friendly guardian golem (summoned)
and a friendly hound (summoned).

Vanquished Creatures
  A water moccasin (D:7)
  An ice beast (D:5)
  2 black bears
  A centaur (D:7)
  A bullfrog (D:6)
  3 scorpions
  A necrophage (D:6)
  A hound (D:6)
  2 jellies (D:5)
  2 orc wizards (D:7)
  A gnoll (Bailey)
  3 adders
  A shadow imp (D:5)
  A white imp (D:6)
  A worm (D:1)
  8 orcs
  7 bats
  An endoplasm (D:1)
  A giant cockroach (D:1)
  3 hobgoblins (Bailey)
  3 jackals (D:4)
  2 kobolds
  A quokka (D:1)
  5 ball pythons
  2 frilled lizards (D:1)
  4 goblins
  4 rats
63 creatures vanquished.

Vanquished Creatures (collateral kills)
  A water moccasin (D:5)
  An orc warrior (D:7)
  2 ice beasts
  A black bear (D:5)
  2 ogres (D:5)
  A phantom (D:4)
  3 scorpions
  A necrophage (D:7)
  10 wights
  2 howler monkeys (D:5)
  2 hounds
  3 orc priests
  An iguana (D:5)
  3 orc wizards
  Ijyb (D:3)
  2 gnolls (D:8)
  4 adders
  2 ufetubi
  A worm (D:2)
  A dart slug (D:1)
  15 orcs
  3 endoplasms
  3 giant cockroaches
  6 goblins
  5 hobgoblins
  9 jackals
  3 quokkas
  5 ball pythons
  3 frilled lizards
  7 kobolds
  An orc zombie (Bailey)
  A rat (D:3)
105 creatures vanquished.

Vanquished Creatures (others)
  2 orc warriors (Bailey)
  A scorpion (D:7)
  2 water moccasin zombies
  A centaur zombie (D:7)
  A black bear zombie (D:5)
  An orc priest (D:7)
  An orc wizard (D:5)
  A scorpion zombie (D:5)
  A hound zombie (D:5)
  A howler monkey zombie (D:5)
  A gnoll (Bailey)
  A spectral shadow imp (D:5)
  3 orcs
  2 gnoll zombies (Bailey)
  A goblin (Bailey)
  2 hobgoblins (Bailey)
  4 goblin zombies
  2 hobgoblin zombies (Bailey)
  7 orc zombies
35 creatures vanquished.

Grand Total: 203 creatures vanquished

Notes
Turn   | Place    | Note
-------+----------+-------------------------------------------
     0 | D:1      | LnG the Kobold Summoner began the quest for the Orb.
     0 | D:1      | Reached XP level 1. HP: 10/10 MP: 3/3
   150 | D:1      | Reached XP level 2. HP: 15/15 MP: 1/5
   153 | D:1      | Learned a level 2 spell: Call Imp
   259 | D:1      | Found a faded altar of an unknown god.
   969 | D:1      | Reached XP level 3. HP: 19/19 MP: 3/6
   973 | D:1      | Learned a level 3 spell: Call Canine Familiar
  1014 | D:1      | Reached skill level 1 in Short Blades
  1897 | D:2      | Found a hazy altar of Hepliaklqana.
  1914 | D:2      | Reached XP level 4. HP: 23/24 MP: 7/7
  3083 | D:3      | Reached XP level 5. HP: 28/28 MP: 6/9
  3147 | D:3      | Reached skill level 5 in Summonings
  3241 | D:3      | Noticed Ijyb
  3261 | D:3      | Killed Ijyb
  3934 | D:4      | Reached XP level 6. HP: 26/33 MP: 5/11
  3938 | D:4      | Learned a level 3 spell: Summon Guardian Golem
  4571 | D:4      | Found a white marble altar of Elyvilon.
  4938 | D:4      | Found a staircase to the Ecumenical Temple.
  4955 | Temple   | Entered the Ecumenical Temple
  5591 | D:4      | Found a basalt altar of Yredelemnul.
  5597 | D:4      | Became a worshipper of Yredelemnul the Dark
  5626 | D:5      | Entered Level 5 of the Dungeon
  5627 | D:5      | Noticed a water moccasin
  5645 | D:5      | Killed a water moccasin
  5646 | D:5      | Reached skill level 1 in Fighting
  5646 | D:5      | Reached skill level 5 in Stealth
  5646 | D:5      | Reached XP level 7. HP: 17/38 MP: 2/13
  5824 | D:5      | Learned a level 4 spell: Summon Lightning Spire
  5911 | D:5      | Reached * piety under Yredelemnul
  5979 | D:5      | Reached ** piety under Yredelemnul
  6089 | D:5      | Reached skill level 1 in Hexes
  6089 | D:5      | Reached XP level 8. HP: 43/43 MP: 5/15
  6121 | D:5      | Reached skill level 5 in Spellcasting
  6765 | D:5      | Reached XP level 9. HP: 48/48 MP: 9/18
  7526 | D:6      | Identified the ring "Avuneeno" {rC+ Will+ Int+3 Slay-5}
  9553 | D:7      | Reached skill level 5 in Short Blades
 10187 | D:8      | Reached XP level 10. HP: 54/54 MP: 11/21
 10303 | D:8      | Found a flagged portal.
 10321 | Bailey   | Entered a bailey
 10610 | Bailey   | Noticed an orc warlord
 10633 | Bailey   | Slain by an orc warlord

Illustrated notes

Levels and vault maps discovered:
D:1:      dpeg_arrival_orchard, layout_basic,
          chequers_ecumenical_altar_simple_redux, nicolae_wormholes
D:2:      layout_loops_cross, basic_altar
D:3:      layout_loops_ring, grunt_ministairs_2, skrybe_limestone_x,
          corexii_corridor_pit, uniq_ijyb
D:4:      layout_basic, kennysheep_ying_yang, minmay_temple_entry_purple_smoke
D:5:      layout_cave_pools, minmay_bent
D:6:      layout_loops_corners, chequers_serial_rivers_marsh
D:7:      nicolae_cairo_tiling, layout_cave_pods, minmay_between
D:8:      layout_loops_ring, enter_bailey_7
Temple:   nicolae_temple_slightly_damp_pantheon
Bailey:   bailey_axe_minmay_hex_keep, bailey

Skill      XL: |  1  2  3  4  5  6  7  8  9 10 |
---------------+-------------------------------+-----
Stealth        | 3 4 5 6 7 |  7.6
Short Blades   | 1 2 3 5 |  5.4
Dodging        | 3 4 |  4.9
Summonings     | 5 6 7 8 |  8.2
Spellcasting   | 3 4 6 7 8 |  8.1
Fighting       | 1 2 |  2.9
Hexes          | 1 2 |  2.7
Air Magic      | |  0.2

Action                   |  1- 3 |  4- 6 |  7- 9 | 10-12 || total
-------------------------+-------+-------+-------+-------++-------
Melee: Dagger            |    56 |    94 |   102 |    33 ||   285
       Unarmed           |     1 |       |       |       ||     1
       Punch             |     1 |       |     2 |       ||     3
 Cast: Summon Small Mamm |     7 |     2 |       |       ||     9
       Call Imp          |     9 |    12 |     4 |     2 ||    27
       Call Canine Famil |     2 |    17 |    26 |     9 ||    54
       Summon Guardian G |       |     2 |    22 |    10 ||    34
       Summon Lightning  |       |       |     2 |     3 ||     5
  Use: Scroll            |       |       |     7 |     2 ||     9
 Stab: Sleeping          |    10 |    13 |    11 |     3 ||    37
       Distracted        |     1 |     2 |     3 |     1 ||     7
Armor: Robe              |     4 |    34 |    13 |     1 ||    52
Dodge: Dodged            |    41 |    81 |    95 |    16 ||   233
       Repelled          |     1 |       |       |       ||     1

Table legend: (Time is in decaauts)
 A = Elapsed time spent in this place.
 B = Non-inter-level travel time spent in this place.
 C = Inter-level travel time spent in this place.
 D = Time resting spent in this place.
 E = Time spent auto-exploring this place.
 F = Levels seen in this place.
 G = Mean time per level.
                   A        B        C        D        E       F      G
               +--------+--------+--------+--------+--------+-----+--------+
         Total |  10599 |  10101 |    498 |   2365 |   5700 |  10 | 1059.9 |
       Dungeon |   9801 |   9370 |    431 |   2241 |   5303 |   8 | 1225.1 |
        Temple |    494 |    427 |     67 |      0 |    397 |   1 |  494.0 |
        Bailey |    303 |    303 |      0 |    124 |      0 |   1 |  303.0 |
               +--------+--------+--------+--------+--------+-----+--------+

Top non-repeatable levels by time:
     D:7: 1681 daAuts
     D:6: 1666 daAuts
     D:1: 1536 daAuts
     D:4: 1306 daAuts
     D:5: 1191 daAuts
     D:2: 1167 daAuts
     D:3: 1113 daAuts
  Temple: 494 daAuts
  Bailey: 303 daAuts
     D:8: 138 daAuts
